 Dungeon Crawl Stone Soup version 0.28-a0-724-g66f9036eb4 (webtiles) character file.

Game seed: 16137447536463352651

3912 ytrimaz the Cleaver (level 10, -2/79 HPs)
             Began as a Formicid Fighter on Oct 26, 2021.
             Succumbed to a kobold brigand's curare-tipped dart
             ... on level 9 of the Dungeon.
             The game lasted 00:10:22 (11434 turns).

ytrimaz the Cleaver (Formicid Fighter)             Turns: 11434, Time: 00:10:22

Health: -2/79      AC: 14    Str: 24    XL:     10   Next: 43%
Magic:  10/10      EV: 10    Int:  8    God:
Gold:   231        SH:  4    Dex: 10    Spells: 9/9 levels left

rFire   . . .      SeeInvis +   m - +1 war axe (freeze)
rCold   . . .      Faith    .   c - +0 buckler
rNeg    + . .      Spirit   .   b - +0 scale mail
rPois   .          Reflect  .   (helmet unavailable)
rElec   .          Harm     .   (no cloak)
rCorr   .          Rampage  .   g - +1 pair of gloves
Will    ++...                   l - +2 pair of boots
Stlth   ..........              (no amulet)
HPRegen 0.23/turn               d - ring of positive energy
MPRegen 0.12/turn               (no ring)

@: lethally poisoned (-2 -> -12)
A: permanent stasis, dig shafts and tunnels, antennae 3, four strong arms,
strong-willed 1, sense surroundings 2
a: Dig, Shaft Self


You were on level 9 of the Dungeon.
You visited 2 branches of the dungeon, and saw 12 of its levels.

You collected 231 gold pieces.

Inventory:

Hand Weapons
 a - a +0 war axe
 h - a +1 dagger of holy wrath
 i - a +2 broad axe
 m - a +1 war axe of freezing (weapon)
Armour
 b - a +0 scale mail (worn)
 c - a +0 buckler (worn)
 g - a +1 pair of gloves (worn)
 l - a +2 pair of boots (worn)
Jewellery
 d - a ring of positive energy (left hand)
Wands
 f - a wand of flame (57)
 n - a wand of digging (6)
 o - a wand of iceblast (9)
Scrolls
 e - 3 scrolls of amnesia
 j - a scroll of identify
 k - 2 scrolls of magic mapping
Potions
 p - a potion of brilliance
 r - 2 potions of mutation


   Skills:
 + Level 7.2 Fighting
 + Level 10.8 Axes
 + Level 9.2 Armour
 - Level 3.6 Shields


You had 9 spell levels left.
You didn't know any spells.
Your spell library contained the following spells:

 Spells                   Type           Power      Damage    Failure   Level
 Magic Dart               Conj           0%         1d3       67%         1
 Ensorcelled Hibernation  Hex/Ice        0%         N/A       80%         2
 Searing Ray              Conj           0%         2d4       80%         2
 Spider Form              Tmut/Pois      0%         N/A       95%         3
 Summon Guardian Golem    Hex/Summ       0%         N/A       95%         3
 Fulminant Prism          Conj/Hex       0%         3d6       100%        4
 Manifold Assault         Tloc           0%         N/A       100%        5
 Orb of Destruction       Conj           0%         N/A       100%        7
 Spellforged Servitor     Conj/Summ      0%         N/A       100%        7
 Storm Form               Tmut/Air       0%         N/A       100%        7
 Blink                    Tloc           Unusable   N/A       N/A         2

Dungeon Overview and Level Annotations

Branches:
Dungeon (11/15)            Temple (1/1) D:5            Lair (0/6) D:9
    Orc: D:9-12

Altars:
Ashenzari
Cheibriados
Elyvilon
Hepliaklqana
Makhleb
Nemelex Xobeh
Qazlal
Ru
Uskayaw
Vehumet
Wu Jian
Xom
Yredelemnul
Zin
The Shining One

Shops:
D:7 [


Innate Abilities, Weirdness & Mutations

You cannot be hasted, slowed, berserked, paralysed or teleported.
You can dig through walls and to a lower floor.
You have a pair of large antennae on your head. (SInv)
Your four strong arms can wield two-handed weapons with a shield.
You are strong-willed. (Will+)
You passively map the area around you.


Message History

You closely miss the killer bee.
You feel sick. The killer bee stings you. The killer bee barely misses you.
Unknown command.
You barely miss the killer bee.
You feel sick. The killer bee closely misses you. The killer bee stings you.
The kobold brigand throws a curare-tipped dart.
The curare-tipped dart hits you.
You are more poisoned.
You have difficulty breathing.
* * * LOW HITPOINT WARNING * * *
Your stasis prevents you from being slowed.
Okay, then.
Aiming: Iceblast
Press: ? - help, Shift-Dir - straight line The mass of ice explodes!
The iceblast engulfs the killer bee!
The killer bee is almost dead.
* * * LOW HITPOINT WARNING * * *
You feel very sick.
You hear an angry buzzing noise. x2; You hear an angry hiss.
The killer bee closely misses you. The killer bee stings you.
* * * LOW HITPOINT WARNING * * *
You closely miss the kobold brigand. You hit the killer bee.
You freeze the killer bee. You slash the kobold! You freeze the kobold.
You kill the kobold!
* * * LOW HITPOINT WARNING * * *
You feel very sick.
The killer bee stings you but does no damage.
The killer bee barely misses you.
You hit the kobold. You freeze the kobold.
The kobold is heavily wounded.
You slash the killer bee! You freeze the killer bee.
You kill the killer bee!
You hit the kobold brigand. You freeze the kobold brigand.
* * * LOW HITPOINT WARNING * * *
You feel very sick. You block the kobold brigand's attack.
You block the kobold's attack.
You slash the kobold! You freeze the kobold.
You kill the kobold!
You hit the kobold brigand. You freeze the kobold brigand.
You die...

, ..*,,... #.####.# , #
#. #.######......# * *
..###.* #........###)..
*, * .....*
*##.......><†## , *,,*
#..######........##... *
* #.......))....)..####
, *##...###...)......# *
* ##.....##..........# *
, #....)@.#..........#
,* #.....K)#..........#
#....................#*
*
#......................*
, *
#.....>..........K...##.
,,
*#....................#
, ,, , ....P...........
, ,* *, , ,,
.#)......#.....,, * , ,
,, * , , ,


You could see a kobold brigand.

Vanquished Creatures
  Pikel (D:6)
  Maggie (D:7)
  A hornet (D:9)
  A wraith (D:7)
  2 wargs (D:9)
  A water moccasin (D:9)
  A black bear (D:5)
  An orc warrior (D:9)
  A sky beast (D:6)
  4 ogres
  2 necrophages
  2 lemures (D:6)
  2 bullfrogs
  A scorpion (D:7)
  6 killer bees
  2 bullfrog zombies
  3 centaur zombies
  Crazy Yiuf (D:2)
  8 orc priests
  3 hounds
  A jelly (D:7)
  A bullfrog skeleton (D:5)
  Jessica (D:2)
  2 orc wizards
  Terence (D:3)
  2 iguanas
  9 adders
  A shadow imp (D:5)
  2 white imps (D:6)
  2 ufetubi (D:5)
  3 dart slugs
  26 orcs
  6 ball pythons
  7 bats
  5 endoplasms
  3 giant cockroaches
  13 goblins
  2 hobgoblins
  7 jackals
  9 kobolds
  4 quokkas
  3 frilled lizards
  5 rats
159 creatures vanquished.

Vanquished Creatures (others)
  11 fungi (D:9)
  17 plants
28 creatures vanquished.

Grand Total: 187 creatures vanquished

Notes
Turn   | Place    | Note
-------+----------+-------------------------------------------
     0 | D:1      | ytrimaz the Formicid Fighter began the quest for the Orb.
     0 | D:1      | Reached XP level 1. HP: 18/18 MP: 1/1
   302 | D:1      | Reached XP level 2. HP: 24/24 MP: 2/2
   576 | D:1      | Reached XP level 3. HP: 18/30 MP: 3/3
  1117 | D:1      | Found a faded altar of an unknown god.
  1240 | D:2      | Found a sacrificial altar of Ru.
  1279 | D:2      | Reached XP level 4. HP: 36/37 MP: 4/4
  1284 | D:2      | Reached skill level 3 in Axes
  1431 | D:2      | Noticed Jessica
  1436 | D:2      | Killed Jessica
  1591 | D:2      | Found a runed translucent door.
  1592 | D:2      | Noticed Crazy Yiuf
  1953 | D:2      | Killed Crazy Yiuf
  1954 | D:2      | Reached XP level 5. HP: 19/42 MP: 5/5
  2179 | D:3      | Reached skill level 4 in Axes
  2255 | D:3      | Reached XP level 6. HP: 26/48 MP: 6/6
  2471 | D:3      | Noticed Terence
  2484 | D:3      | Killed Terence
  2706 | D:3      | Noticed an ogre
  2712 | D:3      | Killed an ogre
  2713 | D:3      | Reached skill level 5 in Axes
  3371 | D:3      | Reached XP level 7. HP: 55/55 MP: 7/7
  3773 | D:4      | Reached skill level 5 in Armour
  4989 | D:5      | Entered Level 5 of the Dungeon
  5323 | D:5      | Gained mutation: You are strong-willed. (Will+) [potion of
                  | mutation]
  5323 | D:5      | Gained mutation: You passively map a small area around you.
                  | [potion of mutation]
  5323 | D:5      | Gained mutation: You passively map the area around you.
                  | [potion of mutation]
  5573 | D:5      | Reached skill level 5 in Fighting
  5573 | D:5      | Reached skill level 6 in Axes
  5754 | D:5      | Reached XP level 8. HP: 53/62 MP: 8/8
  5921 | D:5      | Found a snail-covered altar of Cheibriados.
  5924 | D:5      | Found a sparkling altar of Nemelex Xobeh.
  5924 | D:5      | Found an ornate altar of the Wu Jian Council.
  5924 | D:5      | Found a basalt altar of Yredelemnul.
  6538 | D:5      | Found a staircase to the Ecumenical Temple.
  6670 | Temple   | Entered the Ecumenical Temple
  6928 | D:5      | Reached skill level 7 in Axes
  6961 | D:5      | Found a glowing silver altar of Zin.
  7108 | D:6      | Noticed Pikel
  7127 | D:6      | Killed Pikel
  7128 | D:6      | Reached skill level 8 in Axes
  7128 | D:6      | Reached XP level 9. HP: 32/69 MP: 9/9
  7701 | D:6      | Reached skill level 9 in Axes
  8903 | D:7      | Found Kuydig's Armour Shop.
  9157 | D:7      | Found a hazy altar of Hepliaklqana.
  9273 | D:7      | Noticed Maggie
  9283 | D:7      | HP: 3/65 [Maggie/bolt of fire (14)]
  9284 | D:7      | You fall into a shaft and drop 2 floors!
  9289 | D:9      | You fall into a shaft and drop 2 floors!
  9606 | D:10     | Entered Level 10 of the Dungeon
  9617 | D:9      | Noticed a hornet
  9623 | D:9      | Killed a hornet
  9966 | D:8      | Reached XP level 10. HP: 77/77 MP: 10/10
 10090 | D:7      | Killed Maggie
 10091 | D:7      | Reached skill level 10 in Axes
 10751 | D:8      | Noticed a death knight
 11410 | D:9      | Found a staircase to the Lair.
 11433 | D:9      | HP: 1/79 [poisoned by a kobold brigand (curare-tipped
                  | dart)]
 11434 | D:9      | Succumbed to a kobold brigand's curare-tipped dart

Illustrated notes

Levels and vault maps discovered:
D:1:      psy_arrival_basics, layout_basic, dilly_ecumenical_altar_fadedgnrine
D:2:      layout_basic, basic_altar, uniq_crazy_yiuf_cottage, uniq_jessica
D:3:      layout_loops_cross, minivault_5, uniq_terence
D:4:      cheibrodos_quashed, layout_layer_cave, grunt_ministairs_6
D:5:      minmay_general_purpose_star, layout_loops_corners, zin_treasury,
          chequers_temple_overflow_statue_of_worship,
          minmay_temple_entry_nine_rooms, st_stairs_5
D:6:      layout_layer_cave, minmay_misc_feat_more_columns, uniq_pikel
D:7:      layout_rooms, nicolae_hepliaklqana_hippocampus, serial_shops, shop,
          serial_curves, eino_curves_01, eino_curves_04, uniq_maggie
D:8:      kennysheep_ambush_hall, layout_layer_cave,
          lemuel_zombie_altar_kikubaaqudgha, grunt_dithmenos_smoke_and_mirrors
D:9:      layout_rooms, fedhas_altar_3, erik_lair_orcish_takeover,
          roderic_roman_lattice
D:10:     layout_rooms, nzn_overflow_gifts_of_might_and_magic,
          gammafunk_temple_overflow_elements, serial_shops, nicolae_shop_trees,
          nicolae_shop_crystal, shop, shop_fountains, nicolae_diamond_shop,
          jiyva_altar_1
D:11:     layout_loops_ring, kennysheep_orc_monster_closet_entryway,
          serial_shops, bzr_entry_dummy
Temple:   compressed_dpeg_triangle_lava_temple

Skill      XL: |  1  2  3  4  5  6  7  8  9 10 |
---------------+-------------------------------+-----
Armour         | 4 5 7 8 9 |  9.2
Axes           | 3 4 5 6 8 9 10 | 10.8
Fighting       | 4 5 6 7 |  7.2
Shields        | |  3.6

Action                   |  1- 3 |  4- 6 |  7- 9 | 10-12 || total
-------------------------+-------+-------+-------+-------++-------
Melee: War axe           |    77 |       |    37 |    68 ||   182
       Broad axe         |     3 |   102 |   220 |       ||   325
 Abil: Dig               |       |     1 |     1 |     1 ||     3
       Shaft Self        |       |       |     2 |       ||     2
Evoke: Wand              |       |       |       |    10 ||    10
  Use: Scroll            |     2 |       |     9 |       ||    11
       Potion            |     2 |     2 |     4 |       ||     8
Armor: Scale mail        |    76 |    49 |   133 |    45 ||   303
Dodge: Dodged            |    59 |    52 |   141 |    49 ||   301
Block: Buckler           |    41 |    25 |    76 |    15 ||   157

Table legend: (Time is in decaauts)
 A = Elapsed time spent in this place.
 B = Non-inter-level travel time spent in this place.
 C = Inter-level travel time spent in this place.
 D = Time resting spent in this place.
 E = Time spent auto-exploring this place.
 F = Levels seen in this place.
 G = Mean time per level.
                   A        B        C        D        E       F      G
               +--------+--------+--------+--------+--------+-----+--------+
         Total |  11567 |  11125 |    442 |   2709 |   6831 |  12 |  963.9 |
       Dungeon |  11371 |  10929 |    442 |   2709 |   6697 |  11 | 1033.7 |
        Temple |    196 |    196 |      0 |      0 |    134 |   1 |  196.0 |
               +--------+--------+--------+--------+--------+-----+--------+

Top non-repeatable levels by time:
     D:5: 1822 daAuts
     D:6: 1689 daAuts
     D:4: 1619 daAuts
     D:3: 1373 daAuts
     D:8: 1198 daAuts
     D:1: 1176 daAuts
     D:2: 1027 daAuts
     D:7: 825 daAuts
    D:11: 316 daAuts
     D:9: 314 daAuts
  Temple: 196 daAuts
    D:10: 6 daAuts
